 Dungeon Crawl Stone Soup version 0.30-a0-4-ga7cffc901d (webtiles) character file.

Game seed: 11061620564209461083

677 Setbun the Slicer (level 7, -2/40 HPs)
             Began as a Kobold Brigand on Aug 21, 2022.
             Was an Initiate of Wu Jian.
             Slain by an orc
             ... wielding a +0 whip
              (4 damage)
             ... on level 5 of the Dungeon.
             The game lasted 00:03:33 (4647 turns).

Setbun the Slicer (Kobold Brigand)                  Turns: 4647, Time: 00:03:34

Health: -2/40      AC:  4    Str:  8    XL:     7   Next: 91%
Magic:  7/7        EV: 14    Int: 13    God:    Wu Jian [......]
Gold:   180        SH:  0    Dex: 18    Spells: 6/6 levels left

rFire   . . .      SeeInvis .    a - +2 dagger
rCold   . . .      Faith    .    (no shield)
rNeg    . . .      Spirit   .    b - +0 robe
rPois   .          Reflect  .    q - +0 helmet
rElec   .          Harm     .    c - +0 cloak
rCorr   .          Rampage  .    (no gloves)
Will    .....                    (no boots)
Stlth   ++++......               (no amulet)
HPRegen 0.13/turn                (no ring)
MPRegen 0.10/turn                (no ring)

@: no status effects
A: small, no large weapons, nightstalker 3
a: Renounce Religion


You were on level 5 of the Dungeon.
You worshipped Wu Jian.
Wu Jian was noncommittal.
You visited 2 branches of the dungeon, and saw 6 of its levels.

You collected 180 gold pieces.

Inventory:

Hand Weapons
 a - a +2 dagger (weapon)
 s - a +0 dagger of venom
Missiles
 d - 15 poisoned darts (quivered)
 e - 8 curare-tipped darts
Armour
 b - a +0 robe (worn)
 c - a +0 cloak (worn)
 q - a +0 helmet (worn)
Wands
 y - a wand of polymorph (10)
Scrolls
 g - 2 scrolls of amnesia {unknown}
 h - 5 scrolls of identify {unknown}
 k - a scroll of noise {unknown}
 l - a scroll of butterflies {unknown}
 o - a scroll of teleportation {unknown}
 p - a scroll of magic mapping {unknown}
 r - 2 scrolls of blinking {unknown}
 v - a scroll of vulnerability {unknown}
 x - a scroll of immolation {unknown}
 z - a scroll of poison {unknown}
Potions
 f - 3 potions of might {unknown}
 i - a potion of heal wounds {unknown}
 j - 3 potions of lignification {unknown}
 m - 3 potions of brilliance {unknown}
 n - 3 potions of curing {unknown}
 t - 2 potions of flight {unknown}
 u - 2 potions of attraction {unknown}
 w - a potion of mutation {unknown}


   Skills:
 - Level 2.1 Fighting
 * Level 10.8 Short Blades
 - Level 2.1 Throwing
 - Level 1.2 Dodging
 - Level 5.3 Stealth


You had 6 spell levels left.
You didn't know any spells.
Your spell library contained the following spells:

 Spells                   Type           Power      Damage    Failure   Level
 Necrotise                Necr           0%         1d4       30%         1
 Ensorcelled Hibernation  Hex/Ice        0%         N/A       43%         2
 Conjure Flame            Conj/Fire      0%         6-21      67%         3
 Ignite Poison            Fire/Tmut/Pois 0%         N/A       67%         3
 Spider Form              Tmut/Pois      0%         N/A       67%         3
 Vampiric Draining        Necr           0%         2d6       67%         3
 Anguish                  Hex/Necr       0%         N/A       97%         4
 Sticky Flame             Conj/Fire      0%         2d3       97%         4
 Agony                    Necr           0%         N/A       100%        5


Dungeon Overview and Level Annotations

Branches:
Dungeon (5/15)             Temple (1/1) D:5

Altars:
Ashenzari
Cheibriados
Dithmenos
Elyvilon
Gozag
Kikubaaqudgha
Makhleb
Nemelex Xobeh
Ru
Sif Muna
Trog
Uskayaw
Wu Jian
Yredelemnul
The Shining One


Innate Abilities, Weirdness & Mutations

You are small and have problems with some larger weapons.
You are completely attuned to the shadows.


Message History

The orc is almost dead.
The orc hits you with a +0 flail. The orc hits you with a +0 whip.
You are too injured to fight recklessly!
You are too injured to fight recklessly!
You are too injured to fight recklessly!
You are too injured to fight recklessly!
You are too injured to fight recklessly!
You are too injured to fight recklessly!
You are too injured to fight recklessly!
You are too injured to fight recklessly!
You are too injured to fight recklessly!
You are too injured to fight recklessly!
You are too injured to fight recklessly!
You are too injured to fight recklessly!
You are too injured to fight recklessly!
You hit the orc.
The orc is almost dead.
You hit the orc but do no damage.
The orc is almost dead.
The orc hits you with a +0 flail!
* * * LOW HITPOINT WARNING * * *
The orc misses you.
You hit the orc but do no damage.
The orc is almost dead.
You hit the orc.
You kill the orc!
The Council accepts your kill. The orc hits you with a +0 whip.
* * * LOW HITPOINT WARNING * * *
You hit the orc.
The orc is heavily wounded.
You closely miss the orc.
The orc is heavily wounded.
The orc misses you.
You closely miss the orc.
The orc is heavily wounded.
You barely miss the orc.
The orc is heavily wounded.
The orc hits you with a +0 whip.
You die...

# ...P...#...#..## ###..
.......))[.#...#####
....##
.####..###'#........
.##..# #..#
#...#..#.#.##### .....#
#..# #.⌠.#..#........
..§..# #..#
+...####.#.#####
.§..#####..#####...P.P.#.#
..§...)....P#..#)......#.#
....##.##..P#.(o@.##+#.#.#
.#.###.###..####..# #.#.#
.#).........# #..# #.#.#
.##.##.##...# +..####...#
.##.##..P####.........#
....................#.#
.....#####.##.###.###.#
......# #....†........#
.####.# #..##.###.#####


You could see an orc.

Vanquished Creatures
  Grinder (D:4)
  A necrophage (D:4)
  A scorpion (D:5)
  2 hounds
  A jelly (D:4)
  2 iguanas
  Terence (D:3)
  9 adders
  A white imp (D:5)
  2 ufetubi
  3 worms
  5 dart slugs
  6 orcs
  10 ball pythons
  6 endoplasms
  3 giant cockroaches
  9 goblins
  6 hobgoblins
  4 jackals (D:2)
  6 quokkas
  A bat (D:3)
  A frilled lizard (D:2)
  9 kobolds
  3 rats
93 creatures vanquished.

Vanquished Creatures (others)
  3 plants (D:5)
3 creatures vanquished.

Grand Total: 96 creatures vanquished

Notes
Turn   | Place    | Note
-------+----------+-------------------------------------------
     0 | D:1      | Setbun the Kobold Brigand began the quest for the Orb.
     0 | D:1      | Reached XP level 1. HP: 12/12 MP: 1/1
    65 | D:1      | You fall into a shaft and drop 1 floor!
   217 | D:2      | Reached skill level 3 in Short Blades
   349 | D:2      | Reached XP level 2. HP: 17/17 MP: 2/2
   371 | D:2      | Found a faded altar of an unknown god.
   451 | D:2      | Reached skill level 4 in Short Blades
   729 | D:2      | Reached XP level 3. HP: 19/21 MP: 3/3
  1121 | D:2      | Reached skill level 5 in Short Blades
  1284 | D:2      | Reached XP level 4. HP: 26/26 MP: 4/4
  1987 | D:1      | Reached skill level 6 in Short Blades
  2303 | D:3      | Reached XP level 5. HP: 11/30 MP: 5/5
  2804 | D:3      | Noticed Terence
  2808 | D:3      | Killed Terence
  2809 | D:3      | Reached skill level 7 in Short Blades
  3169 | D:4      | Found a shadowy altar of Dithmenos.
  3331 | D:4      | Reached XP level 6. HP: 17/35 MP: 6/6
  3366 | D:4      | HP: 1/31 [necrophage (3)]
  3370 | D:4      | Reached skill level 8 in Short Blades
  3704 | D:4      | Noticed Grinder
  3707 | D:4      | Killed Grinder
  3708 | D:4      | Reached skill level 9 in Short Blades
  3708 | D:4      | Reached XP level 7. HP: 40/40 MP: 7/7
  3754 | D:4      | Found a broken altar of Ashenzari.
  3884 | D:4      | Reached skill level 10 in Short Blades
  4080 | D:5      | Entered Level 5 of the Dungeon
  4251 | D:5      | Found a staircase to the Ecumenical Temple.
  4260 | Temple   | Entered the Ecumenical Temple
  4326 | Temple   | Became a worshipper of the Wu Jian Council
  4643 | D:5      | HP: 2/40 [orc/+0 whip (5)]
  4647 | D:5      | Slain by an orc

Illustrated notes

Levels and vault maps discovered:
D:1:      dpeg_arrival_rooms_a, layout_loops_cross
D:2:      layout_basic, hellmonk_ecumenical_altar_lost_god
D:3:      layout_rooms, uniq_terence
D:4:      layout_loops_ring, nicolae_dithmenos_the_darkroom,
          mainiacjoe_overflow_surrounded_room, uniq_grinder
D:5:      corexii_shack_village, layout_loops_ring,
          minmay_temple_entry_purple_smoke
Temple:   nicolae_temple_bog_church

Skill      XL: |  1  2  3  4  5  6  7 |
---------------+----------------------+-----
Short Blades   | 3 4 5 6 7 9 10 | 10.8
Fighting       | |  2.1
Throwing       | |  2.1
Dodging        | |  1.2
Stealth        | |  5.3

Action                   |  1- 3 |  4- 6 |  7- 9 || total
-------------------------+-------+-------+-------++-------
Melee: Dagger            |    64 |   156 |    80 ||   300
       Punch             |     1 |       |       ||     1
Invok: Lunge             |       |       |     1 ||     1
 Stab: Sleeping          |     8 |    26 |     8 ||    42
Armor: Robe              |    13 |     8 |     4 ||    25
Dodge: Dodged            |    33 |    62 |    26 ||   121

Table legend: (Time is in decaauts)
 A = Elapsed time spent in this place.
 B = Non-inter-level travel time spent in this place.
 C = Inter-level travel time spent in this place.
 D = Time resting spent in this place.
 E = Time spent auto-exploring this place.
 F = Levels seen in this place.
 G = Mean time per level.
                   A        B        C        D        E       F      G
               +--------+--------+--------+--------+--------+-----+--------+
         Total |   4542 |   4437 |    105 |    988 |   2850 |   6 |  757.0 |
       Dungeon |   4460 |   4375 |     85 |    988 |   2801 |   5 |  892.0 |
        Temple |     81 |     61 |     20 |      0 |     49 |   1 |   81.0 |
               +--------+--------+--------+--------+--------+-----+--------+

Top non-repeatable levels by time:
     D:2: 1451 daAuts
     D:4: 1048 daAuts
     D:3: 769 daAuts
     D:1: 737 daAuts
     D:5: 455 daAuts
  Temple: 81 daAuts
